 Dungeon Crawl Stone Soup version 0.26.1-2-gb8aa6d0 (webtiles) character file.

Game seed: 11402920512956240526

309 Geeful the Digger (level 6, -1/36 HPs)
             Began as a Gargoyle Earth Elementalist on May 22, 2021.
             Killed from afar by an orc wizard (3 damage)
             ... with a puff of flame
             ... on level 4 of the Dungeon on May 23, 2021.
             The game lasted 00:07:46 (2513 turns).

Geeful the Digger (Gargoyle Earth Elementalist)     Turns: 2513, Time: 00:07:47

Health: -1/36      AC:  7    Str: 12    XL:     6   Next: 41%
Magic:  10/10      EV: 12    Int: 17    God:
Gold:   142        SH:  0    Dex: 10    Spells: 10/11 levels left

rFire    + . .     SeeInvis .   f - +1 whip (elec)
rCold    + . .     Faith    .   (no shield)
rNeg     + . .     Spirit   .   c - +0 robe
rPois    ∞         Reflect  .   (no helmet)
rElec    +         Harm     .   (no cloak)
rCorr    +         Rampage  .   (no gloves)
Will     .....                  a - +0 pair of boots
Stlth    ++........             (no amulet)
HPRegen  0.12/turn              (no ring)
MPRegen  0.12/turn              (no ring)

@: brilliant, resistant, attractive, flying
A: negative energy resistance 1, electricity resistance, unbreathing,
petrification resistance, miasma immunity, AC +4
a: no special abilities


You were on level 4 of the Dungeon.
You visited 1 branch of the dungeon, and saw 4 of its levels.

You collected 142 gold pieces.

Inventory:

Hand Weapons
 f - a +1 whip of electrocution (weapon)
Missiles
 b - 128 stones
 e - 15 poisoned darts
 o - a throwing net (quivered)
Armour
 a - a +0 pair of boots (worn)
 c - a +0 robe (worn)
Jewellery
 j - an uncursed ring of resist corrosion
Scrolls
 n - 3 scrolls of enchant weapon
 p - a scroll of magic mapping {unknown}


   Skills:
 + Level 2.5 Fighting
 + Level 2.3 Maces & Flails
 + Level 2.5 Dodging
 + Level 3.6 Stealth
 + Level 3.0 Spellcasting
 - Level 1.0 Transmutations
 + Level 4.6 Earth Magic


You had 10 spell levels left.
You knew the following spells:

 Your Spells              Type           Power        Failure   Level
a - Sandblast             Erth           54%          2%          1

Your spell library contained the following spells:

 Spells                   Type           Power        Failure   Level
 Passwall                 Tmut/Erth      15%          9%          2
 Stone Arrow              Conj/Erth      30%          21%         3
 Petrify                  Tmut/Erth      18%          47%         4
 Lee's Rapid Deconstruct  Erth           13%          58%         5


Dungeon Overview and Level Annotations

Branches:
Dungeon (3/15)

Altars:
Elyvilon


Innate Abilities, Weirdness & Mutations

You are resistant to torment.
Your stone body is resilient. (AC +4)
You are immune to poison.
You resist negative energy. (rN+)
You are resistant to electric shocks. (rElec)
You can survive without breathing.
You are immune to petrification.
You are immune to miasma.


Message History

The boomerang hits you but does no damage.
The weapon returns to the orc!
It was a potion of resistance.
You feel protected.
The orc wizard hits you but does no damage.
It was a potion of attraction.
You feel attractive to monsters.
The orc wizard hits you but does no damage.
The orc priest hits you but does no damage.
It was a potion of flight.
You feel very buoyant.
You fly up into the air.
The orc barely misses you. The orc wizard misses you.
It was a potion of brilliance.
You feel clever all of a sudden. The orc priest hits you with a +0 club.
* * * LOW HITPOINT WARNING * * *
The orc barely misses you.
The orc wizard gestures at you while chanting.
The puff of flame hits you. You resist.
You die...

. .. ...
######....
#.........
#.........
#.@o......
#oo.......
#.........
#.........
#########?


You could see an orc priest, an orc wizard and an orc.

Vanquished Creatures
  Sigmund (D:3)
  2 adders
  8 gnolls
  An ooze (D:1)
  A worm (D:2)
  2 dart slugs (D:1)
  An orc (D:3)
  A ball python (D:3)
  A giant cockroach (D:1)
  8 goblins
  8 hobgoblins
  2 jackals (D:3)
  A quokka (D:2)
  3 bats (D:1)
  A frilled lizard (D:3)
  10 kobolds
  5 rats
56 creatures vanquished.

Notes
Turn   | Place    | Note
-------+----------+-------------------------------------------
     0 | D:1      | Geeful the Gargoyle Earth Elementalist began the quest for
                  | the Orb.
     0 | D:1      | Reached XP level 1. HP: 10/10 MP: 3/3
   385 | D:1      | Reached XP level 2. HP: 12/16 MP: 5/5
   581 | D:1      | Reached skill level 1 in Transmutations
   758 | D:1      | Reached skill level 1 in Fighting
   788 | D:1      | Reached XP level 3. HP: 18/20 MP: 6/6
  1011 | D:1      | Reached skill level 1 in Maces & Flails
  1498 | D:2      | Reached skill level 4 in Earth Magic
  1609 | D:2      | Reached XP level 4. HP: 25/25 MP: 7/7
  2102 | D:3      | Found a white marble altar of Elyvilon.
  2174 | D:3      | Noticed Sigmund
  2219 | D:3      | Killed Sigmund
  2220 | D:3      | Reached XP level 5. HP: 19/30 MP: 7/9
  2220 | D:3      | Reached XP level 6. HP: 22/35 MP: 7/10
  2507 | D:3      | You fall into a shaft and drop 1 floor!
  2513 | D:4      | Killed from afar by an orc wizard

Illustrated notes

Levels and vault maps discovered:
D:1:      dpeg_arrival_rooms_c, layout_loops_ring
D:2:      layout_loops_ring
D:3:      layout_basic, elyvilon_altar_3, uniq_sigmund
D:4:      layout_gridville, uniq_natasha

Skill      XL: |  1  2  3  4  5  6 |
---------------+-------------------+-----
Transmutations | 1 |  1.0
Fighting       | 1 2 |  2.5
Maces & Flails | 1 2 |  2.3
Earth Magic    | 4 |  4.6
Dodging        | 2 |  2.5
Stealth        | 3 |  3.6
Spellcasting   | 3 |  3.0

Action                   |  1- 3 |  4- 6 || total
-------------------------+-------+-------++-------
Melee: Mace              |    56 |       ||    56
       Whip              |    67 |    74 ||   141
Throw: Throwing net      |       |     2 ||     2
 Cast: Sandblast         |     1 |       ||     1
  Use: Scroll            |     3 |     2 ||     5
       Potion            |       |     5 ||     5
 Stab: Sleeping          |     5 |     2 ||     7
Armor: Robe              |    42 |    20 ||    62
Dodge: Dodged            |    87 |    43 ||   130
